 Dungeon Crawl Stone Soup version 0.28-a0-1415-g7c84da036a (webtiles) character file.

Game seed: 3581551915957023682

68 funkygono the Firebug (level 4, 0/24 HPs)
             Began as a Gargoyle Fire Elementalist on Jan 7, 2022.
             Slain by a quokka (4 damage)
             ... while paralysed by Grinder
             ... on level 3 of the Dungeon.
             The game lasted 00:02:52 (2328 turns).

funkygono the Firebug (Gargoyle Fire Elementalist)  Turns: 2328, Time: 00:02:53

Health: 0/24       AC:  5    Str: 12    XL:     4   Next: 19%
Magic:  1/8        EV:  2    Int: 17    God:
Gold:   152        SH:  0    Dex: 10    Spells: 2/8 levels left

rFire   . . .      SeeInvis .   g - +0 whip
rCold   + . .      Faith    .   (no shield)
rNeg    + . .      Spirit   .   a - +0 robe
rPois   ∞          Reflect  .   (no helmet)
rElec   +          Harm     .   i - scarf {+Inv}
rCorr   .          Rampage  .   (no gloves)
Will    .....                   (no boots)
Stlth   ++........              (no amulet)
HPRegen 0.08/turn               c - ring of protection from cold
MPRegen 0.11/turn               (no ring)

@: paralysed
A: sickness immunity, AC +3, negative energy resistance 1, electricity
resistance, torment resistance 1, petrification resistance
a: Evoke Invisibility


You were on level 3 of the Dungeon.
You visited 1 branch of the dungeon, and saw 3 of its levels.

You collected 152 gold pieces.

Inventory:

Hand Weapons
 d - a +0 club
 g - a +0 whip (weapon)
 j - the +5 falchion of Past Mistakes {freeze, Str+3 Dex+4}
   (You found it on level 2 of the Dungeon)

   It freezes those it strikes, dealing additional cold damage.
   It can also slow down cold-blooded creatures.
   Str:       It affects your strength (+3).
   Dex:       It affects your dexterity (+4).
Missiles
 l - 19 stones
Armour
 a - a +0 robe (worn)
 i - a scarf of invisibility (worn)
 p - a +0 leather armour
Jewellery
 c - a ring of protection from cold (left hand)
 e - an amulet of guardian spirit
Scrolls
 b - a scroll of fog {unknown}
 f - 2 scrolls of blinking {unknown}
 h - 2 scrolls of identify {unknown}
 k - a scroll of holy word {unknown}
 n - a scroll of enchant weapon {unknown}
 o - a scroll of fear {unknown}
Potions
 m - 2 potions of curing


   Skills:
 + Level 1.7 Dodging
 - Level 2.1 Stealth
 * Level 2.6 Spellcasting
 * Level 1.9 Conjurations
 * Level 4.1 Fire Magic


You had 2 spell levels left.
You knew the following spells:

 Your Spells              Type           Power      Damage    Failure   Level
a - Foxfire               Conj/Fire      48%        2x1d6     5%          1
b - Scorch                Fire           32%        2d7       4%          2
c - Conjure Flame         Conj/Fire      12%        6-21      16%         3

Your spell library contained the following spells:

 Spells                   Type           Power      Damage    Failure   Level
 Inner Flame              Hex/Fire       9%         N/A       24%         3
 Flame Wave               Conj/Fire      12%        2d5       45%         4
 Call Canine Familiar     Summ           2%         N/A       50%         3
 Portal Projectile        Hex/Tloc       4%         N/A       50%         3
 Leda's Liquefaction      Hex/Erth       1%         N/A       88%         4


Dungeon Overview and Level Annotations

Branches:
Dungeon (3/15)

Altars:
Zin

Annotations:
D:3 Grinder


Innate Abilities, Weirdness & Mutations

You are immune to sickness and miasma.
Your stone body is resilient. (AC +3)
You are immune to poison.
You resist negative energy. (rN+)
You are resistant to electric shocks. (rElec)
You are resistant to unholy torment.
You are immune to petrification.


Message History

Grinder is moderately wounded.
The foxfire hits Grinder.
Grinder is heavily wounded.
The foxfire hits Grinder but does no damage.
Grinder is heavily wounded.
Grinder hits you but does no damage. Grinder hits you!
There is a stone staircase leading up here.
You closely miss Grinder.
Grinder is heavily wounded.
Grinder gestures at you. Pain shoots through your body!
* * * LOW HITPOINT WARNING * * *
You hit Grinder.
Grinder is heavily wounded.
Grinder hits you but does no damage.
You closely miss Grinder.
Grinder is heavily wounded.
Grinder barely misses you.
You hit Grinder but do no damage.
Grinder is heavily wounded.
Grinder closely misses you.
You barely miss Grinder.
Grinder is heavily wounded.
Grinder closely misses you.
Casting: Foxfire (safe; 5% risk of failure)
Confirm with . or Enter, or press ? or * to list all spells.
Okay, then.
You barely miss Grinder.
Grinder is heavily wounded.
Grinder gestures at you.
You suddenly lose the ability to move!
Grinder gestures at you.
You barely resist. Grinder hits you.
* * * LOW HITPOINT WARNING * * *
Grinder blinks!
The quokka bites you but does no damage.
The quokka bites you.
You die...

# ### .# #@#
..# # #r# ...##
###.#.#.#......
...............
.##.#.#...#....
.......# ##
.).......#
..........#
..........#


You could see a quokka.

Vanquished Creatures
  2 adders (D:2)
  A worm (D:2)
  A dart slug (D:2)
  4 ball pythons
  8 endoplasms
  A giant cockroach (D:1)
  2 goblins
  A hobgoblin (D:2)
  4 jackals
  4 quokkas
  2 bats (D:2)
  A frilled lizard (D:1)
  8 kobolds
  2 rats (D:1)
41 creatures vanquished.

Vanquished Creatures (others)
  93 foxfires
93 creatures vanquished.

Grand Total: 134 creatures vanquished

Notes
Turn   | Place    | Note
-------+----------+-------------------------------------------
     0 | D:1      | funkygono the Gargoyle Fire Elementalist began the quest
                  | for the Orb.
     0 | D:1      | Reached XP level 1. HP: 10/10 MP: 3/3
   206 | D:1      | Reached XP level 2. HP: 15/15 MP: 1/5
   262 | D:1      | Learned a level 2 spell: Scorch
   381 | D:1      | Found a faded altar of an unknown god.
   916 | D:1      | Reached XP level 3. HP: 19/19 MP: 2/6
   920 | D:1      | Learned a level 3 spell: Conjure Flame
  1118 | D:2      | Identified the +5 falchion of Past Mistakes {freeze, Str+3
                  | Dex+4}
  1692 | D:2      | Found a glowing silver altar of Zin.
  2084 | D:2      | Reached skill level 4 in Fire Magic
  2084 | D:2      | Reached XP level 4. HP: 20/24 MP: 2/7
  2302 | D:3      | Noticed Grinder
  2323 | D:3      | Paralysed by Grinder for 7 turns
  2328 | D:3      | Slain by a quokka

Illustrated notes

Levels and vault maps discovered:
D:1:      dpeg_arrival_tiny_a, layout_basic, ebering_ecumenical_altar_box
D:2:      layout_loops_corners, basic_altar, kennysheep_potato
D:3:      layout_basic, ebering_ghost_reflecting_pool, minmay_surrounded,
          uniq_jessica, uniq_crazy_yiuf_cottage, uniq_grinder, uniq_robin

Skill      XL: |  1  2  3 |
---------------+----------+-----
Fire Magic     | 4 |  4.1
Dodging        | |  1.7
Stealth        | |  2.1
Spellcasting   | |  2.6
Conjurations   | |  1.9

Action                   |  1- 3 |  4- 6 || total
-------------------------+-------+-------++-------
Melee: Whip              |     5 |     8 ||    13
       Punch             |     1 |       ||     1
 Cast: Foxfire           |    44 |    11 ||    55
       Scorch            |    12 |     1 ||    13
Armor: Robe              |     8 |     3 ||    11
Dodge: Dodged            |    12 |     3 ||    15

Table legend: (Time is in decaauts)
 A = Elapsed time spent in this place.
 B = Non-inter-level travel time spent in this place.
 C = Inter-level travel time spent in this place.
 D = Time resting spent in this place.
 E = Time spent auto-exploring this place.
 F = Levels seen in this place.
 G = Mean time per level.
                   A        B        C        D        E       F      G
               +--------+--------+--------+--------+--------+-----+--------+
         Total |   2327 |   2278 |     49 |      0 |   1989 |   3 |  775.7 |
       Dungeon |   2327 |   2278 |     49 |      0 |   1989 |   3 |  775.7 |
               +--------+--------+--------+--------+--------+-----+--------+

Top non-repeatable levels by time:
     D:2: 1185 daAuts
     D:1: 1113 daAuts
     D:3: 28 daAuts
